 Dungeon Crawl Stone Soup version 0.19.0-11-g3fc08b3 (console) character file.

203 OvidiusNaso the Magician (level 5, 0/28 HPs)
             Began as a Deep Elf Wizard on Nov 9, 2016.
             Slain by a gnoll
             ... wielding a +0 whip
              (10 damage)
             ... on level 3 of the Dungeon.
             The game lasted 00:27:38 (2038 turns).

OvidiusNaso the Magician (Deep Elf Wizard)          Turns: 2038, Time: 00:27:39

Health: 0/28       AC:  2    Str:  4    XL:     5   Next: 51%
Magic:  0/15       EV: 14    Int: 24    God:
Gold:   105        SH:  0    Dex: 13    Spells: 3 memorised, 10 levels left

rFire  . . .     SeeInvis .     e - +0 dagger
rCold  . . .     Gourm    .     a - +0 robe
rNeg   . . .     Faith    .     (no shield)
rPois  .         Spirit   .     b - +0 hat
rElec  .         Reflect  .     (no cloak)
rCorr  .         Harm     .     (no gloves)
MR     .....                    (no boots)
Stlth  ++........               (no amulet)
                                (no ring)
                                (no ring)

@: no status effects
A: no striking features
a: no special abilities


You were on level 3 of the Dungeon.
You were not hungry.

You visited 1 branch of the dungeon, and saw 3 of its levels.

You collected 105 gold pieces.

Inventory:

Hand Weapons
 e - a +0 dagger (weapon)
 n - a +0 dagger
Armour
 a - a +0 robe (worn)
 b - a +0 hat (worn)
Scrolls
 g - 2 scrolls of teleportation {unknown}
 h - a scroll of recharging {unknown}
 i - 3 scrolls of identify {unknown}
 j - a scroll of magic mapping {unknown}
 l - a scroll of fear {unknown}
 p - 2 scrolls of remove curse {unknown}
 q - a scroll of noise {unknown}
 s - a scroll of amnesia {unknown}
 x - a scroll of enchant weapon {unknown}
Potions
 f - 2 potions of degeneration {unknown}
 k - a potion of agility {unknown}
 o - a potion of haste {unknown}
 r - a potion of lignification {unknown}
 t - a potion of mutation {unknown}
 u - a potion of curing {unknown}
 v - a potion of heal wounds {unknown}
 w - a potion of invisibility {unknown}
 A - a potion of cancellation {unknown}
Books
 c - a book of Minor Magic

   Spells                             Type                      Level
   a - Magic Dart                     Conjuration                  1
   b - Blink                          Translocation                2
   c - Call Imp                       Summoning                    2
   d - Repel Missiles                 Charms/Air                   2
   e - Slow                           Hexes                        2
   f - Conjure Flame                  Conjuration/Fire             3
   g - Mephitic Cloud                 Conjuration/Poison/Air       3
Comestibles
 d - 2 bread rations
 m - 3 meat rations


   Skills:
 + Level 4.3 Dodging
 - Level 2.6 Stealth
 + Level 6.3 Spellcasting
 + Level 3.2 Conjurations
   Level 1.1 Summonings
   Level 1.1 Translocations


You had 10 spell levels left.
You knew the following spells:

 Your Spells              Type           Power        Failure   Level  Hunger
a - Magic Dart            Conj           ###.         1%          1    None
b - Slow                  Hex            #.......     12%         2    None
c - Conjure Flame         Conj/Fire      ###.....     14%         3    None


Dungeon Overview and Level Annotations

Branches:
Dungeon (3/15)

Altars:

Annotations:
D:2 Sigmund
D:3 Blork the orc


Message History

The gnoll barely misses you.
You closely miss the gnoll.
The gnoll is moderately wounded.
The gnoll barely misses you.
You hit the gnoll but do no damage.
The gnoll is moderately wounded.
The gnoll misses you.
You see here a throwing net.
Casting: Magic Dart
Confirm with . or Enter, or press ? or * to list all spells.
Aiming: Magic Dart
Press: ? - help, Shift-Dir - straight line, f/p - gnoll
Aim: a gnoll, wielding a whip (moderately wounded)
The magic dart hits the gnoll.
The gnoll is severely wounded.
The gnoll hits you with a whip.
You barely miss the gnoll.
The gnoll is severely wounded.
The gnoll hits you with a whip!
You die...

#...###g.# #.....g.#
###)##### #)# #.#
#.#.# #.# #.#.##
######.# #....##
##...##.# #.....##
#..#..#(# #.......
#.###.g.# #.....#
#..#.@### #...###
##...############.##..
##.## #.............#
#.# #.###########..
##.## #.# ##.
#####†..###.## #.
#............# #.
#.###...###..# #. #.#
##.......# #. #.#
#######.# #.
#.##########.# #.


You could see a gnoll.

Vanquished Creatures
  3 gnolls (D:3)
  8 adders
  A shadow imp (D:3)
  3 worms (D:2)
  A dart slug (D:2)
  2 leopard geckos
  7 orcs (D:3)
  A giant cockroach (D:2)
  10 goblins
  5 hobgoblins
  6 jackals
  2 quokkas
  8 ball pythons
  4 bats
  3 frilled lizards
  6 kobolds
  8 rats
78 creatures vanquished.

Notes
Turn   | Place    | Note
-------+----------+-------------------------------------------
     0 | D:1      | OvidiusNaso the Deep Elf Wizard began the quest for the Orb.
     0 | D:1      | Reached XP level 1. HP: 10/10 MP: 7/7
   210 | D:1      | Reached XP level 2. HP: 15/15 MP: 2/9
   514 | D:1      | Reached XP level 3. HP: 3/19 MP: 0/11
   836 | D:2      | Reached skill level 5 in Spellcasting
   845 | D:2      | Noticed Sigmund
  1186 | D:2      | Reached XP level 4. HP: 10/24 MP: 4/13
  1617 | D:3      | Reached XP level 5. HP: 20/28 MP: 9/15
  1643 | D:3      | Learned a level 2 spell: Slow
  1647 | D:3      | Learned a level 3 spell: Conjure Flame
  1707 | D:3      | Reached skill level 6 in Spellcasting
  1780 | D:3      | Noticed Blork the orc
  2038 | D:3      | Slain by a gnoll

Skill      XL: |  1  2  3  4  5 |
---------------+----------------+-----
Dodging        | 3 4 |  4.3
Conjurations   | 2 3 |  3.2
Spellcasting   | 5 6 |  6.3
Stealth        | |  2.6
Summonings     | |  1.1
Translocations | |  1.1

Action                   |  1- 3 |  4- 6 || total
-------------------------+-------+-------++-------
Melee: Dagger            |    45 |     6 ||    51
 Cast: Magic Dart        |    98 |    92 ||   190
  Eat: Beef jerky        |     1 |       ||     1
       Pizza             |       |     1 ||     1
Armor: Robe              |     8 |       ||     8
Dodge: Dodged            |    53 |    23 ||    76
